 Dungeon Crawl Stone Soup version 0.30.1-4-g462c640d31 (webtiles) character file.

Game seed: 6929610405306302581

259 croobank the Sneak (level 6, -2/43 HPs)
             Began as an Octopode Delver on Aug 16, 2023.
             Slain by a hornet zombie (10 damage)
             ... in an ossuary.
             The game lasted 00:03:41 (419 turns).

croobank the Sneak (Octopode Delver)                 Turns: 419, Time: 00:03:41

Health: -2/43      AC:  1    Str: 12    XL:     6   Next: 17%
Magic:  6/6        EV: 14    Int: 14    God:
Gold:   12         SH:  0    Dex: 13    Spells: 5/5 levels left

rFire   . . .        a - +0 short sword
rCold   . . .        (no shield)
rNeg    . . .        (helmet restricted)
rPois   .            (no amulet)
rElec   .            (no ring)
rCorr   .            (no ring)
SInv    .            (no ring)
Will    .....        (no ring)
Stlth   +++++        (no ring)
HPRegen 0.27/turn    (no ring)
MPRegen 0.10/turn    (no ring)
                     (no ring)

%: no passive effects
@: no status effects
A: almost no armour, amphibious, 8 rings, camouflage 1, gelatinous body 1,
(nimble swimmer 1), tentacles
a: no special abilities


You were in an ossuary.
You visited 1 branch of the dungeon, and saw 3 of its levels.
You also visited: Ossuary.

You collected 12 gold pieces.

Inventory:

Hand Weapons
 a - a +0 short sword (weapon)
Wands
 f - a wand of digging (3)
 g - a wand of acid (1)
Scrolls
 b - a scroll of fog
 c - a scroll of teleportation {unknown}
 d - a scroll of fear
 i - a scroll of amnesia {unknown}
Potions
 e - 2 potions of haste
 h - a potion of curing {unknown}
 j - a potion of degeneration {unknown}


   Skills:
 + Level 4.2 Fighting
 + Level 3.5 Short Blades
 + Level 3.5 Dodging
 + Level 7.9 Stealth


You had 5 spell levels left.
You didn't know any spells.
Your spell library was empty.

Dungeon Overview and Level Annotations

Branches:
Dungeon (6/15)             Temple (0/1) D:4         Ossuary (1/1)

Altars:


Innate Abilities, Weirdness & Mutations

You cannot wear most types of armour.
You are amphibious.
You can wear up to eight rings at the same time.
Your skin changes colour to match your surroundings (Stealth+).
Your rubbery body absorbs attacks. (AC +1, EV +1)
((You are camouflaged when in or above water. (Stealth+)))
You have tentacles for arms and can constrict up to eight enemies at once.


Message History

The bullfrog zombie is heavily damaged.
You constrict the bullfrog zombie. The bullfrog zombie hits you.
A bullfrog zombie comes into view.
A mummy comes into view.
The bullfrog zombie hits you.
You hit the bullfrog zombie. You squeeze the bullfrog zombie.
The bullfrog zombie is severely damaged.
You constrict the bullfrog zombie.
A bog mummy comes into view.
The bullfrog zombie hits you.
A mummy breaks down the door.
A hornet zombie comes into view.
You hit the bullfrog zombie. You squeeze the bullfrog zombie.
You destroy the bullfrog zombie!
You have reached level 6!
The hornet zombie attacks as you move away!
The hornet zombie hits you.
Aiming: Corrosive Bolt
Press: ? - help, Shift-Dir - straight line, f - mummy, p - mummy
Aim: a mummy (86% to hit)
The bolt of acid hits the hornet zombie!
The hornet zombie is moderately damaged.
The bolt of acid hits the mummy!
The mummy seems to be corroded for longer.
You destroy the mummy!
The bolt of acid hits the bullfrog zombie!
The acid corrodes the bullfrog zombie!
The bullfrog zombie is heavily damaged.
The bolt of acid hits the mummy!
The acid corrodes the mummy!
The mummy is severely damaged.
The hornet zombie hits you. The hornet zombie misses you.
You hit the bullfrog zombie. You grab the bullfrog zombie.
The bullfrog zombie is lightly damaged.
You constrict the bullfrog zombie. The bullfrog zombie hits you.
* * * LOW HITPOINT WARNING * * *
The hornet zombie closely misses you.
You hit the bullfrog zombie.
The bullfrog zombie is moderately damaged.
You constrict the bullfrog zombie. The bullfrog zombie hits you.
* * * LOW HITPOINT WARNING * * *
The hornet zombie hits you!
You die...

###.'.∩.#
#.'.#..∩#
###.#####
#.'.'.#
###.###
+.# #.+
+Z#
#@#####~##
+.ZZ.M~~M~
#+#'#.~.#~
.# .# ##


You could see a mummy (corroded), a bog mummy, 2 bullfrog zombies and a hornet
zombie.

Vanquished Creatures
  3 bullfrog zombies (Ossuary)
  A gnoll bouda (D:6)
  A killer bee zombie (Ossuary)
  4 mummies
  2 howler monkey zombies (Ossuary)
  3 gnolls (D:6)
  An ufetubus (D:5)
  A dart slug (D:5)
  An orc (D:6)
  2 goblins (D:4)
  A hobgoblin zombie (D:4)
20 creatures vanquished.

Notes
Turn   | Place    | Note
-------+----------+-------------------------------------------
     0 | D:5      | croobank the Octopode Delver began the quest for the Orb.
     0 | D:5      | Reached XP level 1. HP: 16/16 MP: 1/1
     8 | D:6      | Noticed a gnoll bouda
    10 | D:6      | Reached XP level 2. HP: 21/21 MP: 2/2
    15 | D:6      | Reached skill level 7 in Stealth
    15 | D:6      | Reached XP level 3. HP: 26/26 MP: 3/3
    19 | D:6      | Reached XP level 4. HP: 31/31 MP: 4/4
   243 | D:4      | Found a sand-covered staircase.
   264 | Ossuary  | Entered an ossuary
   288 | Ossuary  | Reached XP level 5. HP: 34/37 MP: 5/5
   416 | Ossuary  | Reached XP level 6. HP: 19/43 MP: 6/6
   419 | Ossuary  | Slain by a hornet zombie

Illustrated notes

Levels and vault maps discovered:
D:4:      layout_loops_corners, mainiacjoe_overflow_chevrons,
          lemuel_crystal_altar, mainiacjoe_overflow_alcove_1,
          minmay_temple_entry_grid, nicolae_ossuary_entry_giza,
          small_statue_intersection, nicolae_zen_rock_garden, minmay_liquid_box
D:5:      layout_gridville
D:6:      layout_basic, elyvilon_altar_3, uniq_crazy_yiuf_cottage
Ossuary:  ossuary_zaba_flooded

Skill      XL: |  1  2  3  4  5 |
---------------+----------------+-----
Stealth        | 7 |  7.9
Short Blades   | 3 |  3.5
Dodging        | 3 |  3.5
Fighting       | 4 |  4.2

Action                     |  1- 3 |  4- 6 || total
---------------------------+-------+-------++-------
  Melee: Short sword       |     5 |    48 ||    53
         Tentacles         |     1 |    13 ||    14
         Constrict         |     1 |    10 ||    11
         Punch             |       |     1 ||     1
  Evoke: Wand              |       |     3 ||     3
    Use: Scroll            |       |     1 ||     1
   Stab: Sleeping          |     4 |     7 ||    11
         Distracted        |       |     1 ||     1
  Dodge: Dodged            |     1 |    22 ||    23
